 Dungeon Crawl Stone Soup version 0.21-a0-52-gbf49515 (webtiles) character file.

94106 mopl the Brawler (level 15, -1/223 HPs)
             Began as a Troll Wanderer on June 13, 2017.
             Was the Champion of Okawaru.
             Slain by a meliai
             ... wielding a +0 hand axe
              (3 damage)
             ... on level 14 of the Dungeon.
             The game lasted 01:04:14 (24124 turns).

mopl the Brawler (Troll Wanderer)                  Turns: 24124, Time: 01:04:14

Health: -1/223     AC:  9    Str: 29    XL:     15   Next: 62%
Magic:  20/20      EV: 10    Int: 11    God:    Okawaru [******]
Gold:   1004       SH: 10    Dex: 11    Spells: 4/16 levels left

rFire    . . .     SeeInvis .     - Unarmed
rCold    . . .     Gourm    +   l - +0 shield
rNeg     . . .     Faith    .   d - +0 acid dragon scales
rPois    .         Spirit   .   (helmet restricted)
rElec    .         Reflect  .   (no cloak)
rCorr    +         Harm     .   (gloves unavailable)
MR       ++...                  (boots unavailable)
Stlth    ..........             y - amulet of regeneration
Regen    1.3/turn               M - ring of protection from magic
MPRegen  0.2/turn               e - +3 ring of evasion

@: berserking, lethally poisoned (-1 -> -11), very quick
A: unfitting armour, claws 3, fast metabolism 3, gourmand, regeneration 1,
shaggy fur 1, tough skin 2
a: Heroism, Finesse, Renounce Religion


You were on level 14 of the Dungeon.
You worshipped Okawaru.
Okawaru was exalted by your worship.
You were very full.

You visited 4 branches of the dungeon, and saw 23 of its levels.
You also visited: Volcano.

You collected 2637 gold pieces.
You spent 1633 gold pieces at shops.

Inventory:

Hand Weapons
 b - a +9 blowgun
Missiles
 c - 25 large rocks
 n - 590 stones
 u - 4 curare-tipped needles
 z - 6 needles of paralysis
 A - 32 tomahawks
 N - 5 needles of confusion
 R - 8 poisoned javelins (quivered)
 V - 7 exploding tomahawks
 W - 8 tomahawks of dispersal
 X - 4 throwing nets
Armour
 d - +0 acid dragon scales (worn)
 l - a +0 shield (worn)
Jewellery
 e - a +3 ring of evasion (right claw)
 p - a +5 amulet of reflection
 y - an amulet of regeneration (around neck)
 B - an uncursed ring of protection from cold
 K - an uncursed ring of fire
 M - a ring of protection from magic (left claw)
Wands
 a - a wand of iceblast (5/15)
 h - a wand of lightning (6/15)
 D - a wand of enslavement (10/24)
 L - a wand of polymorph (8/24)
 S - a wand of paralysis (14/24)
 Y - a wand of iceblast (5/15)
 Z - a wand of acid (9/15)
Scrolls
 j - 11 scrolls of remove curse
 o - 4 scrolls of fear
 q - 2 scrolls of fog
 r - a scroll of summoning
 v - 6 scrolls of magic mapping
 H - 10 scrolls of teleportation
 O - 2 scrolls of identify
 P - a scroll of silence {!r}
 Q - 2 scrolls of vulnerability
 U - 3 scrolls of immolation
Potions
 g - 12 potions of curing
 i - 4 potions of berserk rage {!q}
 k - 4 potions of ambrosia
 s - 4 potions of agility
 t - 4 potions of haste
 w - 2 potions of mutation {!q}
 x - a potion of invisibility
 E - 7 potions of heal wounds
 F - a potion of resistance
 G - 3 potions of might
 I - 2 potions of flight
 J - a potion of lignification {!q}
 T - a potion of cancellation
Miscellaneous
 C - a sack of spiders
Comestibles
 f - 11 bread rations
 m - 3 royal jellies


   Skills:
 + Level 9.8 Fighting
   Level 1.0 Maces & Flails
 + Level 12.4 Throwing
 - Level 1.0 Dodging
 + Level 4.0 Shields
 * Level 15.6 Unarmed Combat
 - Level 1.0 Spellcasting
 - Level 4.0 Necromancy
 - Level 5.0 Translocations
 + Level 8.8 Invocations
 + Level 5.2 Evocations


You had 4 spell levels left.
You knew the following spells:

 Your Spells              Type           Power        Failure   Level  Hunger
a - Apportation           Tloc           ##....       14%         1    ##.....
b - Swiftness             Chrm/Air       #.......     86%         2    ###....
c - Corpse Rot            Necr           N/A          32%         2    ###....
e - Blink                 Tloc           N/A          22%         2    ###....
r - Regeneration          Chrm/Necr      #.........   83%         3    ####...
x - Animate Skeleton      Necr           N/A          22%         1    ##.....
C - Confusing Touch       Hex            #.....       75%         1    ##.....


Dungeon Overview and Level Annotations

Branches:
Dungeon (14/15)            Temple (1/1) D:4            Lair (6/6) D:11
  Swamp (0/4) Lair:2       Spider (0/4) Lair:4        Slime (0/5) Lair:5
    Orc (2/2) D:10            Elf (0/3) Orc:2        Vaults (0/5) D:13

Altars:
Ashenzari
Cheibriados
Dithmenos
Elyvilon
Fedhas
Gozag
Hepliaklqana
Kikubaaqudgha
Makhleb
Nemelex Xobeh
Okawaru
Qazlal
Ru
Sif Muna
Trog
Uskayaw
Vehumet
Wu Jian
Xom
Yredelemnul
Zin
The Shining One
Beogh
Jiyva

Shops:
D:8 *   D:12 [   Orc:2 [(!=*

Portals:
Trove: D:14 (give +5 demon whip)

Annotations:
Lair:1 exclusions: electric eel and 4 more exclusions
Lair:6 exclusion: oklob plant


Innate Abilities, Weirdness & Mutations

You are too large for most types of armour.
You have claws for hands.
Your metabolism is lightning-fast.
You like to eat raw meat.
Your natural rate of healing is unusually fast.
You are covered in fur. (AC +1)
You have very tough skin. (AC +2)


Message History

Unknown command.
You miss the meliai.
The meliai is almost dead.
You feel sick. The meliai closely misses you. The meliai stings you.
* * * LOW HITPOINT WARNING * * *
You are more poisoned.
The meliai poisons you!
The meliai mumbles some strange prayers to its god against you.
Something smites you!
* * * LOW HITPOINT WARNING * * *
Unknown command.
You mangle the meliai!!
You kill the meliai!
Okawaru accepts your kill.
* * * LOW HITPOINT WARNING * * *
You feel sick. The meliai barely misses you. The meliai closely misses you.
You miss the meliai.
* * * LOW HITPOINT WARNING * * *
You feel sick. The meliai barely misses you. The meliai stings you.
You die...

#.#### ####.# #....##
#....# ####..#
###'######
##.####........#
########.##.'........#
#.>.........#........+
..######.####......).#
#.# #........# #@##
#........# #yy#
###'###### ##'# #.)..#
... ####'### ###.#
#....# .# #....#### .+
#....'... .# #....###.
.# #<...# ##


You could see 2 meliai.

Vanquished Creatures
  Saint Roka (Orc:2)
  An acid blob (Lair:5)
  The ghost of Kenran the Carver, a journeyman KoBe of Trog (D:13)
  The ghost of kuniqs the Blocker, a journeyman VSFi of Uskayaw (D:14)
  A fire dragon (Lair:6)
  Harold (D:11)
  An ice dragon (Lair:6)
  8 hydras
  The ghost of Ijustatesigmund the Skirmisher, a journeyman OpWz of Cheibriados (D:9)
  A centaur warrior (D:13)
  11 two-headed ogres
  An ogre mage (D:13)
  6 death yaks (Lair:3)
  An orc high priest (Orc:1)
  A sun demon (Volcano)
  A hell knight (Volcano)
  2 unseen horrors
  4 orc knights
  A swamp dragon (Lair:6)
  2 lindwurms (Lair:6)
  4 manticores
  A deep elf mage (D:13)
  A cyclops (D:11)
  4 orc sorcerers (Orc:2)
  5 elephants (Lair:3)
  3 ugly things
  A salamander (shapeshifter) (D:14)
  4 black mambas
  5 torpor snails (Lair:6)
  2 molten gargoyles (Volcano)
  9 spiny frogs
  2 gargoyles
  2 orange demons (D:13)
  4 rime drakes
  4 yaktaurs (D:13)
  A red devil (Volcano)
  An efreet (D:14)
  7 komodo dragons
  A polar bear (Lair:6)
  11 trolls
  A meliai (D:14)
  3 tyrant leeches (Lair:6)
  7 hornets
  10 blink frogs
  4 slime creatures
  8 hippogriffs
  5 wyverns
  29 yaks
  A fire bat (Volcano)
  2 shadows
  3 basilisks
  A hungry ghost (D:8)
  3 steam dragons
  4 wargs
  6 swamp worms (Lair:2)
  2 soldier ants
  3 acid dragons
  8 porcupines
  11 water moccasins
  5 hell hounds
  2 ice beasts (D:5)
  22 orc warriors
  A sky beast (D:10)
  A swamp drake (Lair:6)
  A black bear (D:7)
  An eye of draining (D:14)
  4 phantoms
  A necrophage (D:12)
  13 centaurs
  11 ogres
  4 wolves (Lair:6)
  4 big kobolds
  17 crocodiles
  Blork the orc (Orc:2)
  18 bullfrogs
  A gnoll sergeant (D:7)
  5 scorpions
  A wyvern skeleton (D:10)
  8 wights
  4 howler monkeys
  3 electric eels
  6 crimson imps
  3 lava snakes (Volcano)
  6 jellies
  31 orc wizards
  3 centaur zombies
  21 orc priests
  3 bullfrog skeletons
  7 hounds
  Natasha (thrice) (D:4)
  7 iguanas
  11 worker ants
  A killer bee zombie (D:8)
  2 hound zombies
  4 hound skeletons
  Robin (D:4)
  11 gnolls
  A howler monkey skeleton (D:5)
  19 adders
  2 shadow imps
  11 oozes
  4 worms
  3 dart slugs
  6 leopard geckos
  81 orcs
  9 bats
  7 giant cockroaches
  22 goblins
  11 hobgoblins
  16 jackals
  3 quokkas
  A ball python (D:2)
  13 frilled lizards
  A jackal skeleton (D:5)
  19 kobolds
  A leopard gecko skeleton (D:5)
  11 rats
  A plant (Lair:6)
720 creatures vanquished.

Vanquished Creatures (others)
  An adder (D:12)
  3 kobolds
  6 fungi
  21 plants
  9 toadstools (D:4)
40 creatures vanquished.

Grand Total: 760 creatures vanquished

Notes
Turn   | Place    | Note
-------+----------+-------------------------------------------
     0 | D:1      | mopl the Troll Wanderer began the quest for the Orb.
     0 | D:1      | mopl set off with: a wand of enslavement (15/24), the Compendium of Orientation, a potion of lignification {!q}, a +0 robe, a +0 club, 2 bread rations
     0 | D:1      | Reached XP level 1. HP: 22/22 MP: 1/1
     1 | D:1      | Identified the Compendium of Orientation
     3 | D:1      | Learned a level 1 spell: Apportation
    43 | D:1      | Reached skill level 1 in Unarmed Combat
    48 | D:1      | Reached XP level 2. HP: 28/29 MP: 2/2
   225 | D:1      | Reached skill level 1 in Throwing
   235 | D:1      | Reached XP level 3. HP: 36/36 MP: 3/3
   244 | D:1      | Reached skill level 2 in Unarmed Combat
   963 | D:2      | Reached XP level 4. HP: 39/44 MP: 4/4
  1366 | D:3      | Reached skill level 3 in Unarmed Combat
  1386 | D:3      | Reached skill level 3 in Fighting
  1611 | D:3      | Reached skill level 2 in Throwing
  1611 | D:3      | Reached XP level 5. HP: 49/53 MP: 5/5
  2170 | D:4      | Noticed Natasha
  2171 | D:4      | Noticed Robin
  2277 | D:3      | Reached skill level 4 in Unarmed Combat
  2356 | D:3      | Reached XP level 6. HP: 22/61 MP: 6/6
  2431 | D:4      | Killed Robin
  2452 | D:4      | Killed Natasha
  2514 | D:4      | Found a shattered altar of Ashenzari.
  2619 | D:4      | Learned a level 2 spell: Swiftness
  2638 | D:4      | Reached skill level 3 in Throwing
  2691 | D:4      | Reached skill level 5 in Unarmed Combat
  2787 | D:4      | Reached XP level 7. HP: 57/67 MP: 7/7
  2821 | D:4      | Noticed Natasha
  2834 | D:4      | Killed Natasha
  2953 | D:4      | Noticed Natasha
  2955 | D:4      | Killed Natasha
  2968 | D:4      | Found a staircase to the Ecumenical Temple.
  3006 | Temple   | Entered the Ecumenical Temple
  3114 | D:5      | Entered Level 5 of the Dungeon
  3165 | D:5      | Found a shimmering altar of Xom.
  3203 | D:5      | Found a blossoming altar of Fedhas.
  3362 | D:5      | Reached skill level 6 in Unarmed Combat
  3420 | D:5      | Reached skill level 4 in Fighting
  3489 | D:5      | Found a sacrificial altar of Ru.
  3520 | D:5      | Reached skill level 4 in Throwing
  3520 | D:5      | Reached XP level 8. HP: 54/78 MP: 8/8
  3708 | D:5      | Reached skill level 7 in Unarmed Combat
  4289 | D:6      | Reached skill level 8 in Unarmed Combat
  4337 | D:6      | Reached skill level 5 in Fighting
  4534 | D:6      | Reached skill level 5 in Throwing
  4725 | D:6      | Reached XP level 9. HP: 78/88 MP: 9/9
  4923 | D:7      | Learned a level 2 spell: Blink
  5199 | D:7      | Reached skill level 9 in Unarmed Combat
  5496 | D:7      | Reached skill level 2 in Translocations
  6067 | D:8      | Learned a level 1 spell: Confusing Touch
  6069 | D:8      | Learned a level 1 spell: Animate Skeleton
  6082 | D:8      | Reached skill level 6 in Throwing
  6269 | D:8      | Found a radiant altar of Vehumet.
  6311 | D:8      | Found Zaoqeq's General Store.
  6314 | D:8      | Bought a potion of heal wounds for 75 gold pieces
  6314 | D:8      | Bought a scroll of enchant armour for 112 gold pieces
  6314 | D:8      | Bought a scroll of identify for 30 gold pieces
  6402 | D:8      | Found an ornate altar of the Wu Jian Council.
  6402 | D:8      | Found a shimmering altar of Xom.
  6475 | D:9      | Found an iron altar of Okawaru.
  6509 | D:9      | Reached skill level 6 in Fighting
  6509 | D:9      | Reached skill level 10 in Unarmed Combat
  6516 | D:9      | Found a hazy altar of Hepliaklqana.
  6518 | D:9      | Found an ancient bone altar of Kikubaaqudgha.
  6522 | D:9      | Became a worshipper of Warmaster Okawaru
  6567 | D:9      | Noticed Ijustatesigmund's ghost (journeyman OpWz)
  6588 | D:9      | Killed Ijustatesigmund's ghost
  6588 | D:9      | Reached * piety under Okawaru
  6588 | D:9      | Reached skill level 3 in Translocations
  6588 | D:9      | Reached skill level 1 in Invocations
  6588 | D:9      | Reached XP level 10. HP: 87/98 MP: 10/10
  6827 | D:9      | Noticed a two-headed ogre
  6991 | D:9      | Reached skill level 2 in Invocations
  7454 | D:10     | Entered Level 10 of the Dungeon
  7862 | D:10     | Killed an unseen horror
  7862 | D:10     | Reached ** piety under Okawaru
  7862 | D:10     | Reached skill level 7 in Throwing
  7862 | D:10     | Reached skill level 11 in Unarmed Combat
  8146 | D:10     | Reached skill level 3 in Invocations
  8212 | D:10     | Found a staircase to the Orcish Mines.
  8285 | D:10     | Noticed a two-headed ogre
  8293 | D:10     | Killed a two-headed ogre
  8293 | D:10     | Reached *** piety under Okawaru
  8293 | D:10     | Reached skill level 4 in Translocations
  8293 | D:10     | Reached XP level 11. HP: 72/107 MP: 12/12
  8897 | Orc:1    | Entered Level 1 of the Orcish Mines
  9066 | Orc:1    | Received a gift from Okawaru
  9092 | Orc:1    | Reached skill level 7 in Fighting
  9975 | D:11     | Reached **** piety under Okawaru
 10142 | D:11     | Noticed a two-headed ogre
 10159 | D:11     | Killed a two-headed ogre
 10159 | D:11     | Reached skill level 4 in Invocations
 10427 | D:11     | Identified the Grimoire of Calling and Toxins
 10516 | D:11     | Killed an unseen horror
 10516 | D:11     | Reached skill level 12 in Unarmed Combat
 10682 | D:11     | Noticed Harold
 10694 | D:11     | Killed Harold
 10694 | D:11     | Reached ***** piety under Okawaru
 10777 | D:11     | Found a staircase to the Lair.
 10880 | D:11     | Noticed a two-headed ogre
 10889 | D:11     | Reached skill level 8 in Throwing
 10901 | D:11     | Killed a two-headed ogre
 10901 | D:11     | Received a gift from Okawaru
 10901 | D:11     | Reached skill level 5 in Translocations
 10926 | D:11     | Reached skill level 10 in Throwing
 10926 | D:11     | Reached XP level 12. HP: 118/118 MP: 14/14
 10933 | D:11     | Noticed a two-headed ogre
 10944 | D:11     | Killed a two-headed ogre
 11253 | D:12     | Found a shimmering altar of Xom.
 11419 | Lair:1   | Entered Level 1 of the Lair of Beasts
 11549 | D:11     | Reached skill level 5 in Invocations
 11737 | Lair:1   | Reached XP level 13. HP: 114/127 MP: 15/15
 12030 | Lair:1   | Reached skill level 11 in Throwing
 12109 | Lair:1   | Received a gift from Okawaru
 12654 | Lair:1   | Reached skill level 8 in Fighting
 13277 | Lair:2   | Reached skill level 13 in Unarmed Combat
 13527 | Lair:2   | Found a staircase to the Swamp.
 13958 | Lair:3   | Learned a level 2 spell: Corpse Rot
 14064 | Lair:3   | Received a gift from Okawaru
 14267 | Lair:3   | Reached skill level 6 in Invocations
 14282 | Lair:3   | Reached skill level 1 in Necromancy
 14991 | Lair:4   | Received a gift from Okawaru
 15507 | Lair:3   | Received a gift from Okawaru
 15507 | Lair:3   | Reached skill level 2 in Evocations
 15519 | Lair:3   | Reached skill level 2 in Necromancy
 15736 | Lair:4   | Received a gift from Okawaru
 15742 | Lair:4   | Found a hole to the Spider Nest.
 15901 | Lair:4   | Reached ****** piety under Okawaru
 16129 | Lair:4   | Received a gift from Okawaru
 16646 | Lair:5   | Reached skill level 14 in Unarmed Combat
 16646 | Lair:5   | Reached XP level 14. HP: 79/137 MP: 18/18
 16753 | Lair:5   | Found a runed door.
 16753 | Lair:5   | Found a viscous altar of Jiyva.
 16753 | Lair:5   | Found a staircase to the Slime Pits.
 16753 | Lair:5   | Noticed an acid blob
 16828 | Lair:5   | Killed an acid blob
 16828 | Lair:5   | Reached skill level 7 in Invocations
 16828 | Lair:5   | Reached skill level 3 in Evocations
 16950 | Lair:5   | Received a gift from Okawaru
 16977 | Lair:5   | Reached skill level 3 in Necromancy
 17205 | Lair:6   | Entered Level 6 of the Lair of Beasts
 17389 | Lair:6   | Found a dark tunnel.
 17397 | Volcano  | Entered a volcano
 17528 | Volcano  | Found a bloodstained altar of Trog.
 17758 | Lair:6   | Found a runed door.
 17870 | Lair:6   | Paralysed by a hornet for 1 turns
 17922 | Lair:6   | Reached skill level 9 in Fighting
 17939 | Lair:6   | Paralysed by a hornet for 2 turns
 18163 | Lair:6   | Received a gift from Okawaru
 18987 | Lair:6   | Reached skill level 4 in Necromancy
 18995 | Lair:6   | Received a gift from Okawaru
 19598 | Orc:2    | Entered Level 2 of the Orcish Mines
 19633 | Orc:2    | Found Wapaq's Distillery.
 19642 | Orc:2    | Bought a potion of brilliance for 72 gold pieces
 19680 | Orc:2    | Noticed Saint Roka
 19718 | Orc:1    | Reached skill level 2 in Shields
 19886 | Orc:2    | Received a gift from Okawaru
 19895 | Orc:2    | Reached skill level 4 in Evocations
 19933 | Orc:2    | Found a roughly hewn altar of Beogh.
 19962 | Orc:2    | Reached skill level 12 in Throwing
 20065 | Orc:2    | Killed Saint Roka
 20065 | Orc:2    | Received a gift from Okawaru
 20065 | Orc:2    | Reached skill level 8 in Invocations
 20151 | Orc:2    | Noticed Blork the orc
 20187 | Orc:2    | Found a staircase to the Elven Halls.
 20460 | Orc:2    | Killed Blork the orc
 20490 | Orc:2    | Reached skill level 15 in Unarmed Combat
 20684 | Orc:2    | Found a roughly hewn altar of Beogh.
 20688 | Orc:2    | Reached XP level 15. HP: 137/148 MP: 20/20
 20713 | Orc:2    | Found Jekkouc's Antique Weapon Shop.
 20761 | Orc:2    | Found Zosmeash's Antique Armour Shop.
 20937 | Orc:2    | Found Plog's Jewellery Shop.
 20943 | Orc:2    | Bought a cursed ring of loudness for 63 gold pieces
 20943 | Orc:2    | Bought a cursed ring of teleportation for 63 gold pieces
 20953 | Orc:2    | Found Rytuidd's General Store.
 20965 | Orc:2    | Bought a potion of heal wounds for 60 gold pieces
 20965 | Orc:2    | Bought a potion of heal wounds for 60 gold pieces
 20965 | Orc:2    | Bought a scroll of vulnerability for 90 gold pieces
 21129 | Orc:2    | Bought a potion of curing for 54 gold pieces
 21129 | Orc:2    | Bought a potion of curing for 54 gold pieces
 21129 | Orc:2    | Bought a potion of heal wounds for 90 gold pieces
 21129 | Orc:2    | Bought a potion of agility for 72 gold pieces
 21129 | Orc:2    | Bought a potion of ambrosia for 144 gold pieces
 21129 | Orc:2    | Bought a potion of berserk rage for 90 gold pieces
 21129 | Orc:2    | Bought a potion of haste for 180 gold pieces
 21129 | Orc:2    | Bought a potion of ambrosia for 144 gold pieces
 21129 | Orc:2    | Bought 2 potions of heal wounds for 180 gold pieces
 21488 | D:12     | Found Geasell Icif's Armour Shoppe.
 21673 | D:12     | Reached skill level 3 in Shields
 22514 | D:12     | Received a gift from Okawaru
 22887 | D:13     | Noticed Kenran's ghost (journeyman KoBe)
 23055 | D:13     | Killed Kenran's ghost
 23055 | D:13     | Received a gift from Okawaru
 23300 | D:13     | Received a gift from Okawaru
 23383 | D:13     | Reached skill level 5 in Evocations
 23400 | D:13     | Found a gate to the Vaults.
 23581 | D:14     | Found a portal to a secret trove of treasure.
 23775 | D:14     | Learned a level 3 spell: Regeneration
 23999 | D:14     | Noticed kuniqs's ghost (journeyman VSFi)
 24005 | D:14     | Killed kuniqs's ghost
 24030 | D:14     | Reached skill level 4 in Shields
 24046 | D:14     | Received a gift from Okawaru
 24122 | D:14     | HP: 4/223 [meliai/divine providence (11)]
 24124 | D:14     | Slain by a meliai

Vault maps used:
D:1:      dpeg_arrival_arbitrary_c, corexii_corridor_pit, hangedman_glass_teeth,
          st_stairs_1, minmay_lizard_king
D:4:      cheibrodos_fertilizer, temple_green, first_bread,
          cheibrodos_ashenzari_chains, uniq_natasha, uniq_robin
D:5:      lemuel_crystal_altar, basic_altar, kennysheep_another_room,
          lemuel_tele_altar
D:8:      gammafunk_temple_overflow_elements, vehumet_crystals, serial_shops,
          kennysheep_mini_moat
D:9:      grunt_temple_overflow_open
D:10:     orc_0_dummy
D:11:     david_lair_shrubbed, blue_anna_alchemist, uniq_harold
D:12:     serial_shops, shop, xom_confusion_cloud
D:13:     hangedman_vaults_entry_quadrant_bands, einodemon_barbed_minivault
D:14:     nicolae_trove_entry_columns, minivault_19
Temple:   eino_wide_crystal_templ
Lair:1:   serial_bayou_pond_b, lemuel_fruit_fields
Lair:2:   nicolae_swamp_entry_splash_gauntlet
Lair:3:   beast_lair_carwin_1
Lair:4:   nicolae_spider_entry_non_spiders, minivault_24
Lair:5:   slime_altar_2
Lair:6:   wormcave, guppyfry_lair_end_dragon, enter_volcano_3,
          minmay_lair_oklob_bushes, serial_bayou_shore_b,
          infiniplex_staircase_pool_2, serial_bayou_shore_b
Orc:1:    nicolae_orc_lava_room
Orc:2:    grunt_orc_cross, basic_altar, serial_shops, shop_statue,
          uniq_saint_roka
Volcano:  volcano_lake

Skill      XL: |  1  2  3  4  5  6  7  8  9 10 11 12 13 14 15 |
---------------+----------------------------------------------+-----
Unarmed Combat | 1 2 3 4 5 6 8 10 11 12 14 15 | 15.6
Throwing       | 1 2 3 4 5 6 7 10 11 12 | 12.4
Fighting       | 3 4 5 6 7 8 9 |  9.8
Translocations | 3 4 5 |  5.0
Invocations    | 1 3 4 5 6 8 |  8.8
Necromancy     | 2 4 |  4.0
Evocations     | 2 4 5 |  5.2
Shields        | 2 4 |  4.0
Maces & Flails | |  1.0
Dodging        | |  1.0
Spellcasting   | |  1.0

Action                   |  1- 3 |  4- 6 |  7- 9 | 10-12 | 13-15 || total
-------------------------+-------+-------+-------+-------+-------++-------
Melee: Unarmed           |   131 |   292 |   513 |   450 |  1122 ||  2508
       Punch             |     1 |     3 |    13 |    21 |    61 ||    99
       Scimitar          |       |       |       |       |     6 ||     6
Throw: Tomahawk          |       |       |       |    14 |     3 ||    17
       Javelin           |       |       |       |       |   122 ||   122
       Large rock        |       |       |       |       |    21 ||    21
 Cast: Corpse Rot        |       |       |       |       |     5 ||     5
       Blink             |       |       |       |       |     2 ||     2
       Apportation       |       |       |       |       |     5 ||     5
       Animate Skeleton  |       |       |       |       |     3 ||     3
Invok: Heroism           |       |       |       |     2 |    31 ||    33
       Finesse           |       |       |       |       |     7 ||     7
Evoke: Wand              |       |       |       |     6 |       ||     6
  Use: Scroll            |       |       |    14 |     5 |    15 ||    34
       Potion            |       |       |     2 |     5 |     3 ||    10
 Stab: Sleeping          |       |       |     1 |     1 |     1 ||     3
       Distracted        |       |       |     1 |       |       ||     1
       Paralysed         |       |       |       |     3 |       ||     3
  Eat: Chunk             |    14 |    17 |    36 |    55 |   112 ||   234
       Royal jelly       |       |       |       |       |     1 ||     1
Armor: Robe              |    69 |   118 |   117 |    85 |    48 ||   437
       Skin              |       |       |     5 |     6 |       ||    11
       Acid dragon scale |       |       |       |       |   131 ||   131
       Troll leather arm |       |       |       |       |     9 ||     9
       Steam dragon scal |       |       |       |       |     2 ||     2
Dodge: Dodged            |    61 |   147 |   206 |   144 |   439 ||   997
Block: Other             |       |       |    57 |   100 |    11 ||   168
       Reflection        |       |       |     4 |     6 |       ||    10
       Shield            |       |       |       |       |   129 ||   129
       Rpst.: Scimitar   |       |       |       |       |     6 ||     6
